 Dungeon Crawl Stone Soup version 0.31-a0-818-ge7c7cf74f0 (webtiles) character file.

Game seed: 17943417300571989439

3929 DocEon the Thaumaturge (level 10, -1/50 HPs)
             Began as a Deep Elf Conjurer on Sept 22, 2023.
             Was a Believer of Vehumet.
             Shot with an arrow by a centaur (11 damage)
             ... on level 7 of the Dungeon.
             The game lasted 00:10:30 (7614 turns).

DocEon the Thaumaturge (Deep Elf Conjurer)          Turns: 7614, Time: 00:10:31

Health: -1/50      AC:  4    Str:  4    XL:     10   Next: 1%
Magic:  2/29       EV: 18    Int: 28    God:    Vehumet [**....]
Gold:   418        SH:  0    Dex: 13    Spells: 21/35 levels left

rFire   . . .        a - staff of conjuration
rCold   . . .        v - orb {*channel}
rNeg    . . .        t - +0 robe
rPois   .            (no helmet)
rElec   .            i - +0 cloak
rCorr   .            f - +0 pair of gloves
SInv    .            (no boots)
Will    +....        (no amulet)
Stlth   +++          n - ring of flight
HPRegen 0.28/turn    o - +5 ring of evasion
MPRegen 0.21/turn

%: channel magic (20%)
@: flying
A: no striking features
a: Renounce Religion


You were on level 7 of the Dungeon.
You worshipped Vehumet.
Vehumet was pleased with you.
You visited 2 branches of the dungeon, and saw 8 of its levels.
You also visited: Bailey.

You collected 418 gold pieces.

Inventory:

Hand Weapons
 b - a +3 whip of electrocution
Armour
 f - a +0 pair of gloves (worn)
 i - a +0 cloak (worn)
 s - a +0 leather armour of cold resistance
 t - a +0 robe (worn)
 v - an orb of energy (worn)
Magical Staves
 a - a staff of conjuration (weapon)
Jewellery
 l - a ring of positive energy
 n - a ring of flight (left hand)
 o - a +5 ring of evasion (right hand)
 u - a ring of resist corrosion
Scrolls
 c - a scroll of fog
 e - a scroll of identify
 h - 2 scrolls of silence
 p - 2 scrolls of enchant weapon
Potions
 d - 2 potions of mutation
 g - 2 potions of heal wounds {unknown}
 j - 3 potions of brilliance {unknown}
 k - 2 potions of curing {unknown}
 m - 5 potions of attraction
 q - a potion of invisibility {unknown}
 r - 3 potions of resistance


   Skills:
 - Level 5.0 Dodging
 - Level 5.0 Stealth
 + Level 13.2 Spellcasting
 + Level 9.1 Conjurations
 - Level 5.0 Hexes
 + Level 4.0 Translocations


You had 21 spell levels left.
You knew the following spells:

 Your Spells              Type           Power      Damage    Failure   Level
a - Magic Dart            Conj           100%       1d8       1%          1
b - Searing Ray           Conj           100%       2d8       1%          2
c - Dazzling Flash        Conj/Hex       100%       N/A       3%          3
d - Fulminant Prism       Conj/Hex       36%        3d17      7%          4
e - Iskenderun's Mystic   Conj/Tloc      70%        2d14      8%          4

Your spell library contained the following spells:

 Spells                   Type           Power      Damage    Failure   Level
 Foxfire                  Conj/Fire      100%       2x1d9     3%          1
 Slow                     Hex            100%       N/A       3%          1
 Confusing Touch          Hex            46%        N/A       5%          3
 Sigil of Binding         Hex            46%        N/A       5%          3
 Stone Arrow              Conj/Erth      100%       3d13      6%          3
 Vampiric Draining        Necr           18%        2d7       22%         3
 Animate Armour           Summ/Erth      36%        N/A       50%         4
 Lehudib's Crystal Spear  Conj/Erth      30%        10d8      100%        8


Dungeon Overview and Level Annotations

Branches:
Dungeon (7/15)             Temple (1/1) D:4          Bailey (visited)

Altars:
Cheibriados
Gozag
Kikubaaqudgha
Nemelex Xobeh
Okawaru
Qazlal
Trog
Uskayaw
Vehumet
Wu Jian
Xom
Yredelemnul
Zin
The Shining One

Annotations:
D:4 3 runed translucent doors, jakob's ghost, amateur DsNe


Message History

Casting: Searing Ray (safe; 1% risk of failure)
Confirm with . or Enter, or press ? or * to list all spells.
You feel a surge of power!
You erupt in a blast of force!
The mystic blast hits the human!
You kill the human!
Vehumet accepts your kill.
You hear a shout!
A human comes into view. It is wielding a +0 war axe. x2
Your Translocations skill increases to level 4!
You have reached level 10!
A human comes into view. It is wielding a +0 war axe.
Things that are here:
a +0 war axe; a +0 ring mail
Okay, then.
Okay, then.
Things that are here:
a +0 war axe; a +0 ring mail
There is a gate leading back out of this place here.
Casting: Iskenderun's Mystic Blast (dangerous; 8% risk of failure)
Confirm with . or Enter, or press ? or * to list all spells.
You feel a surge of power!
You erupt in a blast of force!
The mystic blast hits the human!!
The human is heavily wounded.
The human is knocked back by the mystic blast.
The human shouts!
You hear a shout!
Welcome back to the Dungeon!
There is an empty arch of ancient stone here.
There are monsters nearby!
You are too injured to fight recklessly!
The centaur shoots an arrow.
The arrow hits you.
The centaur shoots an arrow.
The arrow hits you!
* * * LOW HITPOINT WARNING * * *
You hear a splash.
You reach down and close the gate, pushing everything out of the way.
You see here a +0 hand axe.
An orc breaks down the gate.
The centaur shoots an arrow.
The arrow barely misses you.
The centaur shoots an arrow.
The arrow misses you.
The centaur shoots an arrow.
The arrow hits you!
You die...

*,,,,,,,,,,,,..#...#.............
*,,,,,,,*****,...................
*,,,,,,,*,,,,,~~~≈~~~............
*,,,,,,,*,,,,,~####≈~.####.......
*,,,,,,,*,,,,,~#∩.#≈≈....#....>..
*,,,,,,,**+**,~#.)'~~....#.......
*,,>,,,,,,,,,,~#.oc~~....#.......
********,,,,,,~#.('~~....###+####
*,,,,,*,,,,,,~#@.#†~.......,,,,+
*,,,,,+,,,,,,~####≈≈.##+##.,,,..
*,,,,,*,,,,,,~~~~~~~...,**,,,...
*,,,,,*,,,,,,,,,,.......**,,,...
*,,,,,*,,,,,,,*,.........,,,,,,,
*,,,,,*,,,,,,,**####.....,,,,,,,
*,,,,,*,,,,,,,*,,,**,,,,,,,,,,,,
*,,,,,*,,,,,,,*,,,,*,,,,,,,,,,,,
*,,,,,+,,,,,,,*,,,,+,,,,,,,,,,,,


You could see a centaur and an orc.

Vanquished Creatures
  Pikel (D:5)
  Jeremiah (D:6)
  Grinder (D:6)
  Prince Ribbit (D:5)
  3 humans (Bailey)
  Eustachio (D:5)
  3 black bears
  An ogre (D:5)
  2 centaurs (D:5)
  4 phantoms
  3 bullfrogs (Bailey)
  3 scorpions (D:4)
  2 killer bees (D:5)
  A howler monkey (D:5)
  3 jellies (D:6)
  A gnoll bouda (D:5)
  A sleepcap (D:5)
  6 hounds
  2 orc priests
  Natasha (twice) (D:2)
  4 iguanas
  4 orc wizards
  A mummy (D:3)
  14 gnolls
  5 adders
  A white imp (D:5)
  3 ufetubi
  A worm (D:2)
  26 orcs
  6 bats
  8 endoplasms
  10 goblins
  2 hobgoblins
  2 jackals (D:5)
  7 quokkas
  6 ball pythons
  A frilled lizard (D:3)
  8 kobolds
  5 rats
156 creatures vanquished.

Vanquished Creatures (others)
  14 fulminant prisms
14 creatures vanquished.

Grand Total: 170 creatures vanquished

Notes
Turn   | Place    | Note
-------+----------+-------------------------------------------
     0 | D:1      | DocEon the Deep Elf Conjurer began the quest for the Orb.
     0 | D:1      | Reached XP level 1. HP: 10/10 MP: 6/6
   547 | D:1      | Reached XP level 2. HP: 15/15 MP: 6/8
   712 | D:2      | Reached skill level 4 in Spellcasting
  1030 | D:2      | Reached XP level 3. HP: 19/19 MP: 8/10
  1033 | D:2      | Learned a level 2 spell: Searing Ray
  1037 | D:2      | Learned a level 3 spell: Dazzling Flash
  1181 | D:2      | Noticed Natasha
  1186 | D:2      | Killed Natasha
  1253 | D:2      | Reached skill level 5 in Conjurations
  1278 | D:2      | Reached skill level 5 in Spellcasting
  1327 | D:2      | Reached XP level 4. HP: 22/24 MP: 5/13
  1716 | D:2      | Noticed Natasha
  1723 | D:2      | Killed Natasha
  1897 | D:3      | Reached skill level 6 in Spellcasting
  1924 | D:3      | Reached XP level 5. HP: 6/28 MP: 6/15
  2289 | D:3      | Found a snail-covered altar of Cheibriados.
  2404 | D:3      | Learned a level 4 spell: Fulminant Prism
  2409 | D:3      | Learned a level 4 spell: Iskenderun's Mystic Blast
  2537 | D:3      | Found a sparkling altar of Nemelex Xobeh.
  2793 | D:3      | Found a faded altar of an unknown god.
  2914 | D:4      | Noticed jakob's ghost (amateur DsNe)
  2914 | D:4      | Found a runed translucent gate.
  2914 | D:4      | Found a runed translucent gate.
  2918 | D:4      | Found a runed translucent gate.
  3096 | D:4      | Found a staircase to the Ecumenical Temple.
  3105 | D:4      | Reached skill level 1 in Hexes
  3110 | D:4      | Reached XP level 6. HP: 32/32 MP: 7/17
  3135 | D:4      | Reached skill level 7 in Spellcasting
  3135 | D:4      | Reached skill level 1 in Translocations
  3355 | Temple   | Entered the Ecumenical Temple
  3388 | Temple   | Became a worshipper of Vehumet
  4262 | D:5      | Entered Level 5 of the Dungeon
  4298 | D:5      | Reached XP level 7. HP: 19/36 MP: 15/20
  4386 | D:5      | Reached skill level 8 in Spellcasting
  4565 | D:5      | Reached * piety under Vehumet
  4565 | D:5      | Offered knowledge of Freeze by Vehumet.
  4740 | D:5      | Found an iron altar of Okawaru.
  4747 | D:5      | Noticed Eustachio
  4763 | D:5      | Killed Eustachio
  5132 | D:5      | Reached skill level 9 in Spellcasting
  5239 | D:5      | Reached XP level 8. HP: 37/41 MP: 9/23
  5483 | D:5      | Reached skill level 5 in Hexes
  5636 | D:5      | Reached skill level 10 in Spellcasting
  5679 | D:5      | Noticed Prince Ribbit
  5687 | D:5      | Killed Prince Ribbit
  5949 | D:5      | Reached skill level 11 in Spellcasting
  5949 | D:5      | Noticed Pikel
  5968 | D:5      | Killed Pikel
  5969 | D:5      | Reached XP level 9. HP: 37/45 MP: 8/26
  6314 | D:5      | Found a hide-covered altar of Uskayaw.
  6546 | D:6      | Offered knowledge of Foxfire by Vehumet.
  6546 | D:6      | Reached ** piety under Vehumet
  6833 | D:6      | Reached skill level 12 in Spellcasting
  7150 | D:6      | Found a shimmering altar of Xom.
  7200 | D:6      | Noticed Jeremiah
  7208 | D:6      | Killed Jeremiah
  7209 | D:6      | Reached skill level 5 in Stealth
  7211 | D:6      | Noticed Grinder
  7219 | D:6      | Killed Grinder
  7220 | D:6      | Reached skill level 5 in Dodging
  7547 | D:7      | Found a flagged portal.
  7554 | Bailey   | Entered a bailey
  7585 | Bailey   | Reached skill level 13 in Spellcasting
  7601 | Bailey   | Reached XP level 10. HP: 16/50 MP: 3/29
  7614 | D:7      | Shot with an arrow by a centaur

Illustrated notes

Levels and vault maps discovered:
D:1:      elethiomel_arrival_shortcut, layout_basic,
          amcnicky_mini_corridor_feature
D:2:      layout_basic, serial_bayou_lagoon_b, uniq_natasha
D:3:      layout_loops_ring, lemuel_crystal_altar, slow_altar_1,
          dreamdust_ecumenical_altar_hidden_monk_grotto
D:4:      layout_basic, minmay_temple_entry_grid, gammafunk_ghost_nasty_kobolds,
          serial_bayou_pond_c, serial_bayou_ford_a
D:5:      cheibrodos_barr_body, layout_loops_ring, mainiacjoe_overflow_paths,
          mainiacjoe_overflow_small_starburst, minmay_strange_pillars,
          chequers_serial_rivers_room_b, uniq_eustachio, uniq_pikel,
          uniq_prince_ribbit1
D:6:      layout_rooms, lemuel_crystal_altar, uniq_jeremiah, uniq_grinder
D:7:      layout_gridville, worldfamousw_hep_ancestral_shrine,
          general_overflow_altar, enter_bailey_4, minmay_misc_feat_alley
Temple:   hellmonk_temple_beads

Skill      XL: |  1  2  3  4  5  6  7  8  9 |
---------------+----------------------------+-----
Spellcasting   | 4 5 6 7 9 11 13 | 13.2
Conjurations   | 5 6 8 9 |  9.1
Hexes          | 1 2 4 5 |  5.0
Translocations | 2 3 4 |  4.0
Stealth        | 3 5 |  5.0
Dodging        | 3 5 |  5.0

Action                     |  1- 3 |  4- 6 |  7- 9 | 10-12 || total
---------------------------+-------+-------+-------+-------++-------
  Melee: Whip              |       |     1 |     9 |       ||    10
   Cast: Magic Dart        |    68 |   114 |   151 |       ||   333
         Searing Ray       |       |     9 |    24 |       ||    33
         Dazzling Flash    |       |     1 |       |       ||     1
         Iskenderun's Myst |       |       |    23 |     1 ||    24
         Fulminant Prism   |       |       |    14 |       ||    14
    Use: Scroll            |       |    10 |     6 |       ||    16
         Potion            |       |       |     1 |       ||     1
 Armour: Robe              |     5 |    15 |    40 |     3 ||    63
  Dodge: Dodged            |     3 |    18 |    71 |     2 ||    94

Table legend: (Time is in decaauts)
 A = Elapsed time spent in this place.
 B = Non-inter-level travel time spent in this place.
 C = Inter-level travel time spent in this place.
 D = Time resting spent in this place.
 E = Time spent auto-exploring this place.
 F = Levels seen in this place.
 G = Mean time per level.
                   A        B        C        D        E       F      G
               +--------+--------+--------+--------+--------+-----+--------+
         Total |   7651 |   7377 |    274 |   1933 |   4426 |   9 |  850.1 |
       Dungeon |   7531 |   7321 |    210 |   1933 |   4412 |   7 | 1075.9 |
        Temple |     66 |      2 |     64 |      0 |      0 |   1 |   66.0 |
        Bailey |     52 |     52 |      0 |      0 |     14 |   1 |   52.0 |
               +--------+--------+--------+--------+--------+-----+--------+

Top non-repeatable levels by time:
     D:5: 2220 daAuts
     D:4: 1565 daAuts
     D:2: 1215 daAuts
     D:3: 1058 daAuts
     D:6: 722 daAuts
     D:1: 674 daAuts
     D:7: 75 daAuts
  Temple: 66 daAuts
  Bailey: 52 daAuts
